 Dungeon Crawl Stone Soup version 0.28-a0-1429-gf3d713df7a (webtiles) character file.

Game seed: 8360425746208698198

56 croobank the Skirmisher (level 3, 0/33 HPs)
             Began as a Minotaur Berserker on Jan 8, 2022.
             Was a Believer of Trog.
             Succumbed to an adder's poison
             ... on level 2 of the Dungeon.
             The game lasted 00:04:02 (1204 turns).

croobank the Skirmisher (Minotaur Berserker)        Turns: 1204, Time: 00:04:03

Health: 0/33       AC:  3    Str: 21    XL:     3   Next: 69%
Magic:  2/2        EV: 12    Int:  4    God:    Trog [**....]
Gold:   96         SH:  0    Dex: 11    Spells: 2/2 levels left

rFire   . . .      SeeInvis .   a - +0 hand axe
rCold   + . .      Faith    .   (no shield)
rNeg    . . .      Spirit   .   b - +1 animal skin
rPois   .          Reflect  .   (helmet restricted)
rElec   .          Harm     .   (no cloak)
rCorr   +          Rampage  .   (no gloves)
Will    .....                   (no boots)
Stlth   +.........              (no amulet)
HPRegen 0.11/turn               j - ring of resist corrosion
MPRegen 0.08/turn               i - ring of protection from cold

@: brilliant, lethally poisoned (0 -> -2)
A: horns 2, retaliatory headbutt
a: Renounce Religion, Berserk, Trog's Hand


You were on level 2 of the Dungeon.
You worshipped Trog.
Trog was pleased with you.
You visited 1 branch of the dungeon, and saw 2 of its levels.

You collected 96 gold pieces.

Inventory:

Hand Weapons
 a - a +0 hand axe (weapon)
 e - a +0 flail
Missiles
 d - 25 stones (quivered)
Armour
 b - a +1 animal skin (worn)
Jewellery
 i - a ring of protection from cold (right hand)
 j - a ring of resist corrosion (left hand)
Scrolls
 f - a scroll of noise


   Skills:
 + Level 4.3 Fighting
 + Level 4.1 Axes
 + Level 3.2 Armour
 + Level 2.9 Dodging


You had 2 spell levels left.
You didn't know any spells.
Your spell library was empty.

Dungeon Overview and Level Annotations

Branches:
Dungeon (2/15)

Altars:

Shops:
D:2 (


Innate Abilities, Weirdness & Mutations

You have a pair of horns on your head.
You reflexively headbutt those who attack you in melee.


Message History

The adder barely misses you.
You barely miss the gnoll. You headbutt the gnoll.
You kill the gnoll!
Trog accepts your kill.
You barely miss the adder. The adder bites you.
* * * LOW HITPOINT WARNING * * *
The gnoll throws a throwing net.
The throwing net barely misses you.
It was a potion of brilliance.
You feel clever all of a sudden. The adder bites you.
* * * LOW HITPOINT WARNING * * *
A gnoll comes into view. It is wielding a +0 spear.
As you read the scroll labelled JIUKUO AVAI, it crumbles to dust.
It is a scroll of enchant armour.
Your +0 animal skin glows green for a moment.
The adder barely misses you. x2; You furiously retaliate!
You headbutt the adder.
As you read the scroll labelled HEWOTSIUPP, it crumbles to dust.
You feel strangely unstable.
It was a scroll of teleportation.
The adder barely misses you.
Your surroundings suddenly seem different.
A bat and a hobgoblin come into view.
Found a faded altar of an unknown god.
Found a stone staircase leading down.
The hobgoblin shouts!
The gnoll shouts!
An adder comes into view.
The adder hisses angrily.
The bat hits you but does no damage.
A hobgoblin comes into view.
The bat misses you. The adder bites you.
* * * LOW HITPOINT WARNING * * *
You are lethally poisoned!
The adder poisons you! The bat misses you. You furiously retaliate!
You headbutt the bat.
* * * LOW HITPOINT WARNING * * *
You feel sick. The bat barely misses you. The bat hits you but does no damage.
The adder barely misses you.
* * * LOW HITPOINT WARNING * * *
You feel sick. The bat barely misses you.
You die...

.#...#
.#...#._#............#
.#...#..#............#
................ ....
S)............. .g.
.#......#...#.# .. g#
....$#...#.# .###.##
.#......#S...S###......#
..........g..gb.@...#
......#..####.#####.#
........ #.# .......#
#.# ........ ...
#####... ... # ... .....
# .. .#+##


You could see a gnoll, 2 adders, 2 hobgoblins and a bat.

Vanquished Creatures
  A hound skeleton (D:2)
  A gnoll (D:2)
  4 bats (D:1)
  2 endoplasms
  A giant cockroach (D:2)
  A goblin (D:1)
  2 hobgoblins (D:1)
  5 jackals (D:1)
  3 quokkas
  2 ball pythons
  A frilled lizard (D:1)
  4 kobolds (D:1)
  3 rats (D:1)
30 creatures vanquished.

Vanquished Creatures (others)
  2 plants (D:2)
2 creatures vanquished.

Grand Total: 32 creatures vanquished

Notes
Turn   | Place    | Note
-------+----------+-------------------------------------------
     0 | D:1      | croobank the Minotaur Berserker began the quest for the
                  | Orb.
     0 | D:1      | Reached XP level 1. HP: 19/19 MP: 0/0
   269 | D:1      | Reached XP level 2. HP: 24/27 MP: 1/1
  1023 | D:2      | Found Lir Jan's Weapon Emporium.
  1039 | D:2      | Reached ** piety under Trog
  1040 | D:2      | Reached XP level 3. HP: 33/33 MP: 2/2
  1198 | D:2      | Found a faded altar of an unknown god.
  1203 | D:2      | HP: 1/33 [poisoned by an adder]
  1204 | D:2      | Succumbed to an adder's poison

Illustrated notes

Levels and vault maps discovered:
D:1:      erik_arrival_triangle_small, layout_loops_cross
D:2:      layout_basic, serial_forest, infiniplex_forest_diagonal,
          infiniplex_forest_clump_tiny, infiniplex_forest_corner_1,
          infiniplex_forest_straight_3, infiniplex_forest_lined_1,
          infiniplex_forest_clump_curved, infiniplex_forest_lined_room_2,
          serial_shops, nicolae_shop_window_shopping, basic_altar,
          hellmonk_ecumenical_altar_lost_god

Skill      XL: |  1  2 |
---------------+-------+-----
Fighting       | 4 |  4.3
Axes           | 4 |  4.1
Armour         | 3 |  3.2
Dodging        | |  2.9

Action                   || total
-------------------------++-------
Melee: Hand axe          ||    58
       Headbutt          ||    10
  Use: Scroll            ||     3
       Potion            ||     1
Armor: Animal skin       ||    12
Dodge: Dodged            ||    61

Table legend: (Time is in decaauts)
 A = Elapsed time spent in this place.
 B = Non-inter-level travel time spent in this place.
 C = Inter-level travel time spent in this place.
 D = Time resting spent in this place.
 E = Time spent auto-exploring this place.
 F = Levels seen in this place.
 G = Mean time per level.
                   A        B        C        D        E       F      G
               +--------+--------+--------+--------+--------+-----+--------+
         Total |   1208 |   1186 |     22 |    218 |    684 |   2 |  604.0 |
       Dungeon |   1208 |   1186 |     22 |    218 |    684 |   2 |  604.0 |
               +--------+--------+--------+--------+--------+-----+--------+

Top non-repeatable levels by time:
     D:1: 1020 daAuts
     D:2: 188 daAuts
